 Dungeon Crawl Stone Soup version 0.32-a0-481-g9ce6b883f8 (webtiles) character file.

Game seed: 17984829795699707603

189 GordonOverkill the Chopper (level 5, -6/42 HPs)
             Began as a Coglin Delver on Feb 26, 2024.
             Mangled by a gnoll
             ... wielding a +0 halberd
              (13 damage)
             ... on level 2 of the Dungeon.
             The game lasted 00:07:34 (2447 turns).

GordonOverkill the Chopper (Coglin Delver)          Turns: 2447, Time: 00:07:34

Health: -6/42      AC:  9    Str: 13 (14) XL:     5   Next: 68%
Magic:  5/5        EV:  6    Int:  8 (10) God:
Gold:   69         SH:  0    Dex: 14 (15) Spells: 4/4 levels left

rFire   . . .        a - +0 hand axe {Audrea}
rCold   . . .        l - +0 hand axe {Octavius}
rNeg    . . .        j - +0 chain mail
rPois   .            f - +0 helmet
rElec   .            (no cloak)
rCorr   .            (no gloves)
SInv    .            (no boots)
Will    .....        (no amulet) Stlth
                     (ring unavailable)
HPRegen 0.27/turn    (ring unavailable)
MPRegen 0.09/turn

%: no passive effects
@: no status effects
A: off-hand wielding, slow wielding, warmup strikes, no rings
a: no special abilities


You were on level 2 of the Dungeon.
You visited 1 branch of the dungeon, and saw 6 of its levels.

You collected 69 gold pieces.

Inventory:

Hand Weapons
 a - a +0 hand axe (weapon) {Audrea}
 i - a +0 morningstar
 l - a +0 hand axe (offhand) {Octavius}
Armour
 f - a +0 helmet (worn)
 j - a +0 chain mail (worn)
Jewellery
 n - an amulet of faith
Wands
 g - a wand of digging (3)
Scrolls
 c - a scroll of fog
 d - 2 scrolls of immolation {unknown}
 h - a scroll of teleportation {unknown}
 k - 2 scrolls of blinking {unknown}
 o - a scroll of butterflies {unknown}
Potions
 b - a potion of curing {unknown}
 e - a potion of enlightenment {unknown}
 m - a potion of brilliance {unknown}
 p - a potion of mutation {unknown}


   Skills:
 - Level 4.0 Fighting
 + Level 5.0 Axes
 - Level 1.8 Dodging
 - Level 4.1 Stealth


You had 4 spell levels left.
You didn't know any spells.
Your spell library contained the following spells:

 Spells                   Type           Power      Damage    Failure   Level
 Blink                    Tloc           0%         N/A       100%        2
 Lesser Beckoning         Tloc           0%         N/A       100%        2
 Momentum Strike          Conj/Tloc      0%         3d8       100%        2
 Call Canine Familiar     Summ           0%         N/A       100%        3
 Sigil of Binding         Hex            0%         N/A       100%        3
 Dimensional Bullseye     Hex/Tloc       0%         N/A       100%        4


Dungeon Overview and Level Annotations

Branches:
Dungeon (6/15)
 Temple: D:4-7

Altars:
Gozag

Shops:
D:1 =

Annotations:
D:4 Natasha


Innate Abilities, Weirdness & Mutations

You can wield a second weapon in your off-hand.
It takes a long time for you to wield or remove held weapons.
Your first few attacks do less damage.
Your grasper-arms cannot wear rings.


Message History

You barely miss the gnoll with your +0 hand axe.
The gnoll hits you with a +0 club. The gnoll hits you but does no damage.
You hit the gnoll with your +0 hand axe.
The gnoll is moderately wounded.
You hit the frilled lizard with your +0 hand axe.
You kill the frilled lizard!
You barely miss the gnoll with your +0 hand axe.
The gnoll hits you with a +0 club. The gnoll hits you but does no damage.
You are too injured to fight recklessly!
You are too injured to fight recklessly!
The gnoll hits you with a +0 club. The gnoll attacks as it pursues you!
The gnoll hits you with a +0 club.
You see here a bat corpse.
The gnoll attacks as it pursues you! The gnoll hits you with a +0 club.
The gnoll attacks as it pursues you! The gnoll hits you with a +0 club.
* * * LOW HITPOINT WARNING * * *
You barely miss the gnoll with your +0 hand axe.
The gnoll is moderately wounded.
You hit the gnoll with your +0 hand axe.
The gnoll barely misses you.
You hit the gnoll with your +0 hand axe.
The gnoll is severely wounded.
You barely miss the gnoll with your +0 hand axe.
The gnoll hits you with a +0 club!
* * * LOW HITPOINT WARNING * * *
The gnoll barely misses you.
You hit the gnoll with your +0 hand axe.
You kill the gnoll!
The gnoll hits you from afar with a +0 halberd!
* * * LOW HITPOINT WARNING * * *
Your Axes skill increases to level 5!
The gnoll attacks as it pursues you!
The gnoll hits you from afar with a +0 halberd.
* * * LOW HITPOINT WARNING * * *
The gnoll attacks as it pursues you!
The gnoll hits you from afar with a +0 halberd.
* * * LOW HITPOINT WARNING * * *
The gnoll attacks as it pursues you!
The gnoll hits you from afar with a +0 halberd!
You die...

#.#####.##.##.#
#. #.##.##.#
### ..
#.......# ..#
... ####.####
#.# #.# #.# #.#
#<# #.# ##)####
#.# .gg.g.# #@#
...##.# #.#
#####g#
#######g#
.....g#
#..g....#
.#.##.#
#g#######
.#.##†####.#
.......g)..#
.####.######
...#


You could see a gnoll.

Vanquished Creatures
  A howler monkey (D:6)
  A hound (D:5)
  3 gnolls
  2 adders
  2 dart slugs
  2 orcs (D:5)
  4 ball pythons
  7 endoplasms
  4 giant cockroaches
  3 goblins
  6 hobgoblins
  5 jackals
  6 kobolds
  6 quokkas
  5 bats
  3 frilled lizards
  A rat (D:1)
61 creatures vanquished.

Notes
Turn   | Place    | Note
-------+----------+-------------------------------------------
     0 | D:5      | GordonOverkill the Coglin Delver began the quest for the
                  | Orb.
     0 | D:5      | Reached XP level 1. HP: 18/18 MP: 1/1
    50 | D:6      | Noticed a howler monkey
   127 | D:6      | Noticed an iguana
   173 | D:5      | Noticed an ogre
   260 | D:5      | Noticed a hound
   294 | D:5      | Noticed a hound
   617 | D:5      | Noticed a scorpion
   660 | D:5      | Killed a hound
   661 | D:5      | Reached skill level 3 in Axes
   661 | D:5      | Reached XP level 2. HP: 19/24 MP: 2/2
   661 | D:5      | Reached XP level 3. HP: 23/29 MP: 3/3
   955 | D:6      | Reached skill level 4 in Axes
   955 | D:6      | Reached XP level 4. HP: 19/36 MP: 4/4
  1022 | D:6      | Noticed a bullfrog
  1028 | D:6      | Noticed a scorpion
  1115 | D:4      | Noticed Natasha
  1157 | D:4      | Found an opulent altar of Gozag.
  1303 | D:2      | Reached XP level 5. HP: 12/42 MP: 5/5
  1548 | D:1      | Found a faded altar of an unknown god.
  2027 | D:1      | Found Geerphag's Jewellery Emporium.
  2438 | D:2      | Reached skill level 5 in Axes
  2447 | D:2      | Mangled by a gnoll

Illustrated notes

Levels and vault maps discovered:
D:1:      doesnt_arrival_eight_statues, layout_loops_ring,
          hellmonk_ecumenical_altar_pennies_from_heaven, serial_shops, shop,
          hangedman_decor_opposing
D:2:      layout_loops_cross
D:3:      cheibrodos_fertilizer, layout_loops_ring, uniq_grinder
D:4:      layout_loops_corners, mainiacjoe_overflow_24_doors,
          lemuel_round_altar, mainiacjoe_overflow_alcove_1,
          nicolae_overflow_squiral, minmay_temple_entry_poolview, uniq_natasha,
          uniq_menkaure
D:5:      layout_layer_cave, kennysheep_generic_room_3
D:6:      layout_basic, elyvilon_altar_4, uniq_pikel

Skill      XL: |  1  2  3  4  5 |
---------------+----------------+-----
Axes           | 3 4 5 |  5.0
Fighting       | 4 |  4.0
Dodging        | |  1.8
Stealth        | |  4.1

Action                     |  1- 3 |  4- 6 || total
---------------------------+-------+-------++-------
  Melee: Hand axe          |    56 |   184 ||   240
    Use: Scroll            |     2 |       ||     2
         Potion            |       |     2 ||     2
   Stab: Sleeping          |       |     6 ||     6
 Armour: Leather armour    |    23 |    39 ||    62
         Chain mail        |       |    55 ||    55
  Dodge: Dodged            |    26 |    52 ||    78

Table legend: (Time is in decaauts)
 A = Elapsed time spent in this place.
 B = Non-inter-level travel time spent in this place.
 C = Inter-level travel time spent in this place.
 D = Time resting spent in this place.
 E = Time spent auto-exploring this place.
 F = Levels seen in this place.
 G = Mean time per level.
                   A        B        C        D        E       F      G
               +--------+--------+--------+--------+--------+-----+--------+
         Total |   2442 |   2426 |     16 |    461 |    835 |   6 |  407.0 |
       Dungeon |   2442 |   2426 |     16 |    461 |    835 |   6 |  407.0 |
               +--------+--------+--------+--------+--------+-----+--------+

Top non-repeatable levels by time:
     D:1: 717 daAuts
     D:5: 553 daAuts
     D:6: 552 daAuts
     D:2: 438 daAuts
     D:3: 109 daAuts
     D:4: 72 daAuts
